[Event "*** Titled Tuesday Blitz"]
[Site "Chess.com"]
[Date "2019.06.04"]
[Round "6"]
[White "pedroholly22"]
[Black "europa2012"]
[Result "0-1"]
[WhiteElo "2278"]
[BlackElo "2146"]
[TimeControl "180+2"]
[EndTime "14:19:53 PDT"]
[Termination "europa2012 won by checkmate"]

1. e4 e6 2. d4 d5 3. Nd2 Nf6 4. e5 Nfd7 5. Bd3 c5 6. c3 Nc6 7. Ngf3 Qb6 8. O-O cxd4 9. cxd4 Nxd4 10. Nxd4 Qxd4 11. Nf3 Qb6 12. Qe2 Nc5 13. Be3 Qa5 14.
Bc2 Bd7 15. Rfb1 Qc7 16. b4 Na6 17. a3 Be7 18. Bd3 O-O 19. Bxa6 bxa6 20. Qxa6 Rfb8 21. Rc1 Qb7 22. Qxb7 Rxb7 23. Nd4 f6 24. f4 Kf7 25. Rab1 a5 26. b5 Bxa3 27. Rc2 Bb4 28. Nc6 Rxb5 29. Nd4 Rb7 30. g4 Rab8 31. Ra1 a4 32. Nc6 Bxc6 33.
Rxc6 a3 34. f5 exf5 35. e6+ Ke7 36. gxf5 Ra8 37. Bf4 a2 38. Rc2 Rba7 39. Kf2 Bd6 40. Bxd6+ Kxd6 41. Ke3 Ra3+ 42. Kf2 Ke5 43. e7 Kxf5 44. Re2 Re8 45. Kg2 Ra7 46. Raxa2 Rxa2 47. Rxa2 Rxe7 48. Rd2 Rd7 49. Kf3 g5 50. h3 h5 51. Ra2 g4+ 52. hxg4+ hxg4+ 53. Kg3 Kg5 54. Ra5 f5 55. Ra8 f4+ 56. Kf2 Rd6 57. Rg8+ Rg6 58.
Rd8 Kh4 59. Rxd5 f3 60. Rd1 Rf6 61. Rh1+ Kg5 62. Rd1 Rh6 63. Rd5+ Kf4 64. Rd4+ Kf5 65. Rd5+ Ke4 66. Rg5 Rh2+ 67. Kg1 Rg2+ 68. Kf1 g3 69. Rg8 Ra2 70. Re8+ Kf4 71. Rf8+ Kg4 72. Rg8+ Kf4 73. Rf8+ Ke3 74. Re8+ Kd3 75. Rd8+ Kc4 76. Rc8+ Kd5 77. Rc1 Rh2 78. Rd1+ Ke4 79. Re1+ Kf4 80.
Re6 Rh1# 0-1

[Event "*** Titled Tuesday Blitz"]
[Site "Chess.com"]
[Date "2019.06.04"]
[Round "6"]
[White "Saitama_Hero"]
[Black "colemman"]
[Result "1-0"]
[WhiteElo "2443"]
[BlackElo "2583"]
[TimeControl "180+2"]
[EndTime "14:19:59 PDT"]
[Termination "Saitama_Hero won by checkmate"]

1. d4 d5 2. c4 c6 3. cxd5 cxd5 4. Nc3 Nc6 5. f3 Nf6 6. e4 dxe4 7. d5 Ne5 8. fxe4 a6 9. Qd4 Nc6 10. Qa4 b5 11.
Bxb5 axb5 12. Qxa8 Nd4 13. Rb1 b4 14. Nce2 Nc2+ 15.
Kf1 Nxe4 16. Qc6+ Qd7 17. Qxc2 Qf5+ 18. Bf4 Ng3+ 19. hxg3 Qxc2 20. Rc1 Qf5 21. Nf3 Ba6 22. Kf2 f6 23. d6 exd6 24. Ned4 Qa5 25. Ne6 Kf7 26.
Nfd4 Be7 27. Rc7 Rc8 28. Rhc1 Rxc7 29. Rxc7 Qxa2 30. Bxd6 Qxb2+ 31. Kg1 Kg6 32. Nf4+ Kg5 33. Nde6+ Kg4 34. Rxe7 g5 35. Nd5 Qc1+ 36. Kh2 Kf5 37.
Nd4+ Kg6 38. Nxf6 Kxf6 39. Re6+ Kf7 40. Re7+ Kf6 41. Re6+ Kf7 42. Re7+ Kg6 43. Re6+ Kh5 44. g4+ Kxg4 45. Re4+ Kh5 46. g4+ Kg6 47. Re6+ Kf7 48.
Re7+ Kg8 49. Re8+ Kf7 50. Rf8+ Kg6 51. Rg8+ Kh6 52. Nf5# 1-0

[Event "*** Titled Tuesday Blitz"]
[Site "Chess.com"]
[Date "2019.06.04"]
[Round "6"]
[White "BlackBoarder"]
[Black "Jbd735"]
[Result "0-1"]
[WhiteElo "2525"]
[BlackElo "2438"]
[TimeControl "180+2"]
[EndTime "14:20:06 PDT"]
[Termination "Jbd735 won by checkmate"]

1. e4 e5 2. Nf3 Nc6 3. d4 exd4 4. Bc4 Nf6 5. O-O Nxe4 6. Re1 d5 7. Bxd5 Qxd5 8. Nc3 Qd8 9. Nxe4 Be7 10. Bg5 O-O 11. Bxe7 Qxe7 12. Nxd4 Bd7 13. Qh5 Rae8 14. Nf3 Qb4 15.
Neg5 h6 16. Rxe8 Bxe8 17. Nh3 Qxb2 18. Re1 Qxc2 19. Nf4 Qxa2 20. Nd5 f5 21. Nf6+ Rxf6 22. Qxe8+ Rf8 23. Qe3 Qf7 24. h4 Rd8 25. Rb1 b6 26.
Rc1 Rd6 27. Qa3 Qd5 28. Qa4 a5 29. Re1 b5 30. Qf4 a4 31. Re8+ Kf7 32. Rc8 Rd7 33. Qe3 Qe4 34. Qc5 Rd1+ 35. Kh2 Qf4+ 36. g3 Qxf3 37. Qf8+ Kg6 38. Qe8+ Kf6 39. Qf8+ Ke6 40.
Qg8+ Kd6 41. Qf8+ Kd5 42. Qf7+ Kc5 43. Qf8+ Kb6 44. Rb8+ Nxb8 45. Qxb8+ Qb7 46. Qxb7+ Kxb7 47. g4 a3 48. gxf5 a2 49. f6 gxf6 50. Kg3 a1=Q 51. h5 Qe5+ 52. Kg4 Qg5+ 53. Kf3 Qxh5+ 54. Ke4 Qe5+ 55. Kf3 Rd3+ 56. Kg4 Qg5# 0-1

[Event "*** Titled Tuesday Blitz"]
[Site "Chess.com"]
[Date "2019.06.04"]
[Round "6"]
[White "Tacticalon"]
[Black "Sebastian"]
[Result "1-0"]
[WhiteElo "2716"]
[BlackElo "2868"]
[TimeControl "180+2"]
[EndTime "14:20:11 PDT"]
[Termination "Tacticalon won on time"]

1. d4 Nf6 2. c4 e6 3. Nc3 d5 4.
Bg5 Be7 5. e3 h6 6. Bh4 O-O 7.
cxd5 Nxd5 8. Bxe7 Qxe7 9. Bd3 c5 10. Nxd5 exd5 11. dxc5 d4 12. e4 Na6 13. Ne2 Nxc5 14. O-O Rd8 15. f3 Be6 16. b3 Rac8 17. Rc1 a5 18. Bb1 d3 19. Nf4 Qf6 20. Qd2 Qd4+ 21.
Kh1 b5 22. Nxe6 fxe6 23. Rfd1 e5 24. h3 b4 25. Rc4 Qd6 26. Rdc1 Rc7 27. Bxd3 Nxd3 28.
Rxc7 Nxc1 29. Qxd6 Rxd6 30. Rxc1 Rd2 31. Rc5 Rxa2 32. Rxe5 Kf7 33. Kh2 g5 34. Kg3 Kf6 35. Rb5 Kg6 36. Rb6+ Kg7 37. Ra6 Ra3 38. Kg4 Rxb3 39.
Rxa5 Rb2 40. g3 b3 41. Rb5 Rb1 42. f4 gxf4 43. gxf4 b2 44. Kf5 h5 45. Rb7+ Kh6 46. Rb6+ Kg7 47. e5 h4 48. Rb5 Kf7 49. Rb7+ Kf8 50.
Kf6 Kg8 51. f5 Kh8 52. e6 Kg8 53. Rb8+ Kh7 54. e7 Re1 55. Rxb2 1-0

[Event "*** Titled Tuesday Blitz"]
[Site "Chess.com"]
[Date "2019.06.04"]
[Round "6"]
[White "Gordima"]
[Black "GHANDEEVAM2003"]
[Result "0-1"]
[WhiteElo "2755"]
[BlackElo "2940"]
[TimeControl "180+2"]
[EndTime "14:20:14 PDT"]
[Termination "GHANDEEVAM2003 won by checkmate"]

1. Nf3 d5 2. d4 Nf6 3. c4 e6 4.
Nc3 c6 5. g3 dxc4 6. Bg2 b5 7.
O-O Bb7 8. Ne5 a6 9. a4 Qb6 10. b3 cxb3 11. Qxb3 Nbd7 12. Be3 Nd5 13. Nxd7 Kxd7 14.
Ne4 Be7 15. Nc5+ Kc7 16. Bd2 Rhd8 17. e4 Nf6 18. Bf4+ Kc8 19. a5 Qa7 20. Qc3 Nd7 21.
Nd3 g5 22. Be3 Qb8 23. Rfc1 Qc7 24. Nb4 c5 25. dxc5 Bf6 26. Bd4 Bxd4 27. Qxd4 Ne5 28. Qe3 Nc6 29. Nd3 f6 30. e5 fxe5 31. Rd1 h6 32.
Rac1 Kb8 33. Ne1 Ka7 34. Be4 Rd4 35. Bxc6 Qxc6 36. f3 Rad8 37. Rxd4 exd4 38. Qd3 e5 39. Rc2 e4 40. fxe4 Qxe4 41. Qxe4 Bxe4 42. Re2 d3 43.
Rd2 Kb7 44. Kf2 Kc6 45. Ke3 Bg6 46. Nf3 Kxc5 47. Rd1 Re8+ 48. Kd2 Re2+ 49. Kc3 Rc2+ 50. Kb3 Bf7+ 51. Ka3 Ra2# 0-1

[Event "*** Titled Tuesday Blitz"]
[Site "Chess.com"]
[Date "2019.06.04"]
[Round "6"]
[White "Andrjywa"]
[Black "DivyaDeshmukh23"]
[Result "1-0"]
[WhiteElo "2517"]
[BlackElo "2386"]
[TimeControl "180+2"]
[EndTime "14:20:16 PDT"]
[Termination "Andrjywa won by resignation"]

1. e4 d5 2. exd5 Nf6 3. Bb5+ Bd7 4. Bc4 Bg4 5. f3 Bf5 6. g4 Bg6 7. Nc3 c6 8. dxc6 Nxc6 9. g5 Nd7 10. d4 Qb6 11.
Nd5 Qa5+ 12. Bd2 Qd8 13. Bf4 Rc8 14. Bb3 e6 15. Ne3 Nb4 16. a3 Nc6 17. Ne2 Nb6 18. h4 h5 19. gxh6 gxh6 20. h5 Bh7 21. Qd2 Bg7 22.
O-O-O Nd7 23. Kb1 Na5 24. Ba4 b5 25. Bxb5 Qb6 26. Qb4 Nc6 27. Bxc6 Qxc6 28. Nc3 Qxf3 29.
Rhf1 Qxh5 30. Nb5 Bf8 31. Qa4 Be7 32. Nc7+ Kd8 33. d5 e5 34. d6 Bxd6 35. Rxd6 Rxc7 36.
Rfd1 Qh3 37. Bxe5 Re8 38. Rxd7+ Rxd7 39. Bf6+ Re7 40. Nd5 Qf3 41. Bxe7+ Ke8 42. Nf6+ Kxe7 43. Qxd7+ Kxf6 44. Qd4+ Kg6 45. Rg1+ Kh5 46. Qe5+ Bf5 47.
Qh2+ Bh3 48. Rg3 Qf1+ 49. Ka2 Kh4 50. Rb3 f5 51. Qg3+ 1-0

[Event "*** Titled Tuesday Blitz"]
[Site "Chess.com"]
[Date "2019.06.04"]
[Round "6"]
[White "GameOverBro"]
[Black "Siemba"]
[Result "0-1"]
[WhiteElo "2446"]
[BlackElo "2095"]
[TimeControl "180+2"]
[EndTime "14:20:17 PDT"]
[Termination "Siemba won by resignation"]

1. c4 Nf6 2. Nc3 g6 3. e4 Bg7 4. d4 d6 5. Bg5 O-O 6. f4 c5 7.
d5 h6 8. Bh4 e6 9. Bd3 exd5 10.
cxd5 b5 11. Bxb5 Qa5 12. Bxf6 Bxf6 13. Ne2 Bg4 14. Qa4 Qb6 15. Qb3 a6 16. Bc4 Qa5 17.
O-O Nd7 18. h3 Bxe2 19. Bxe2 Rab8 20. Qc2 Rfe8 21. Rab1 c4 22. Bf3 Nc5 23. Kh1 Nd3 24. Be2 Nxb2 25. e5 dxe5 26. Ne4 Bg7 27. Rxb2 Rxb2 28. Qxb2 exf4 29. Qc2 Qxd5 30. Rxf4 c3 31. Bc4 Qe5 32. Bxf7+ Kh8 33. Bxe8 Qxf4 34. Kg1 Bd4+ 35.
Kh1 Be5 36. g3 Qf1+ 37. Kh2 Qc4 38. Bxg6 Qd4 39. Nxc3 Qe3 40. Qg2 Bxc3 41. Qa8+ Kg7 42. Qe4 Qf2+ 43. Kh1 Qxg3 44. Qg4 Qe1+ 45. Kg2 Qd2+ 46.
Kf3 Qd1+ 47. Ke4 Qxg4+ 0-1

[Event "*** Titled Tuesday Blitz"]
[Site "Chess.com"]
[Date "2019.06.04"]
[Round "6"]
[White "SalgadoChess91"]
[Black "Mischuk_D"]
[Result "1/2-1/2"]
[WhiteElo "2872"]
[BlackElo "2720"]
[TimeControl "180+2"]
[EndTime "14:20:18 PDT"]
[Termination "Game drawn - insufficient material"]

1. d4 Nf6 2. c4 g6 3. Nc3 d5 4.
Nf3 Bg7 5. Qb3 dxc4 6. Qxc4 O-O 7.
e4 Ne8 8. Be3 Nd6 9. Qb3 Nc6 10.
Be2 Bg4 11. Rd1 Bxf3 12. gxf3 Qc8 13. h4 e5 14. dxe5 Nxe5 15. h5 Re8 16. Kf1 Qe6 17.
Qxe6 Rxe6 18. Nd5 Rc8 19. b3 a6 20. f4 Nc6 21. f3 Ne7 22. Nxe7+ Rxe7 23. Kf2 Ree8 24.
Rhg1 Rcd8 25. f5 Nb5 26. fxg6 hxg6 27. hxg6 Rxd1 28. gxf7+ Kxf7 29. Rxd1 Nd6 30. a4 Ke6 31. Rg1 Bf6 32. Bd3 Kf7 33. Rh1 Bg7 34. Bf4 Bd4+ 35.
Ke2 Bg7 36. Rc1 Re7 37. b4 Bb2 38. Rh1 Bg7 39. b5 axb5 40. axb5 b6 41. Rh5 Re8 42.
e5 Kf8 43. Kf2 Nf7 44. Bg6 Bxe5 45. Rf5 Bd4+ 46. Kg2 Re7 47. Bg5 Rd7 48. Bh6+ Kg8 49. Bf4 Bc5 50. Bxf7+ Rxf7 51. Rxf7 Kxf7 52. Bxc7 Ke6 53.
f4 Kd5 54. Kf3 Kc4 55. Ke4 Kxb5 56. Kd5 Be3 57. f5 Bg5 58. Bxb6 Kxb6 59. Ke6 Kc7 60. f6 Bxf6 1/2-1/2

[Event "*** Titled Tuesday Blitz"]
[Site "Chess.com"]
[Date "2019.06.04"]
[Round "6"]
[White "mouseWLZ"]
[Black "lachesisQ"]
[Result "1-0"]
[WhiteElo "2751"]
[BlackElo "3054"]
[TimeControl "180+2"]
[EndTime "14:20:21 PDT"]
[Termination "mouseWLZ won by resignation"]

1. d4 Nf6 2. Bf4 g6 3. Nc3 Bg7 4. e4 O-O 5. Qd2 d6 6. O-O-O Nc6 7. f3 a6 8. Bh6 e5 9. dxe5 dxe5 10. Bxg7 Qxd2+ 11. Rxd2 Kxg7 12. Bc4 Na5 13. Bb3 Nxb3+ 14. axb3 Be6 15. Nge2 Rfd8 16. Rhd1 Rxd2 17. Rxd2 Kf8 18. b4 Ke7 19. b3 Rd8 20. Rxd8 Kxd8 21. Kd2 Ke7 22.
Na4 b6 23. Nb2 Nd7 24. c4 f6 25. Nc3 c6 26. Kd3 b5 27. Ncd1 f5 28. Ne3 Nf6 29. Nbd1 Nh5 30. g3 f4 31. gxf4 Nxf4+ 32. Kd2 h5 33.
Nf2 Kf6 34. Nd3 Nxd3 35. Kxd3 Kg5 36. Ke2 Bh3 37. Kf2 Kf4 38. Nc2 Be6 39. Ne1 Kg5 40. cxb5 axb5 41. Nd3 Kf6 42. Nc5 Bc8 43. h4 g5 44. Kg3 Kg6 45. Nd3 gxh4+ 46. Kxh4 Kf6 47. Kxh5 Bh3 48. Kh4 Bf1 49. Nc5 Be2 50. Kg3 Bd1 51. f4 exf4+ 52. Kxf4 Bc2 53. e5+ Ke7 54. Ke3 Bd1 55. Kd4 Bc2 56. Kc3 Bd1 57. Kd2 Bf3 58. Kd3 Bd1 59. Kc3 Bf3 60. Na6 Ke6 61. Kd4 Bd1 62. Nb8 Bf3 63. Kc5 Kxe5 64. Nxc6+ Ke4 65. Kxb5 Kd5 66. Kb6 Kd6 67. b5 Bd5 68. b4 Kd7 69. Ka7 Bg2 70. Na5 1-0

[Event "*** Titled Tuesday Blitz"]
[Site "Chess.com"]
[Date "2019.06.04"]
[Round "6"]
[White "Alexander_Moskalenko"]
[Black "spicycaterpillar"]
[Result "0-1"]
[WhiteElo "2890"]
[BlackElo "2846"]
[TimeControl "180+2"]
[EndTime "14:20:23 PDT"]
[Termination "spicycaterpillar won by checkmate"]

1. c3 e5 2. d4 e4 3. Bf4 Ne7 4. e3 d5 5. Ne2 Ng6 6. Bg3 Bd6 7.
Nd2 O-O 8. c4 c6 9. Nc3 Be6 10.
Qb3 b6 11. Be2 f5 12. Bxd6 Qxd6 13. g3 Nd7 14. Rc1 Nf6 15. cxd5 cxd5 16. Nb5 Qd8 17. O-O Rf7 18. Qa3 h5 19. Qd6 Qxd6 20. Nxd6 Rd7 21. Nb5 Rad8 22. Nc7 Bf7 23. Bb5 Re7 24. h4 f4 25.
exf4 e3 26. fxe3 Rxe3 27. Rf3 Rxf3 28. Nxf3 Ne4 29. Kg2 Ne7 30. Ne5 Nf5 31. Bd3 Nfxg3 32.
Nb5 Nf5 33. Rc7 Be6 34. Nxa7 Nxh4+ 35. Kh2 Nf5 36. Nac6 Ra8 37. a3 Kh7 38. Ne7 Nxe7 39. Rxe7 Bf5 40. Rf7 Be6 41. Rb7 Bf5 42. Rxb6 Rf8 43.
Rc6 Nd2 44. Be2 h4 45. b4 Nb3 46. Rd6 Nxd4 47. Bd1 Be4 48. Rd7 Rxf4 49. Bg4 Kh6 50. Nf7+ Kg6 51. Ne5+ Kf6 52. Nf7 Rxg4 53. Nd6 Nf3+ 54.
Kh3 Rg3# 0-1

[Event "*** Titled Tuesday Blitz"]
[Site "Chess.com"]
[Date "2019.06.04"]
[Round "6"]
[White "GMKrikor"]
[Black "PotapovaM"]
[Result "1-0"]
[WhiteElo "2704"]
[BlackElo "2509"]
[TimeControl "180+2"]
[EndTime "14:20:28 PDT"]
[Termination "GMKrikor won by resignation"]

1. Nf3 Nf6 2. g3 b6 3. Bg2 Bb7 4. O-O g6 5. b3 Bg7 6. Bb2 O-O 7. c4 d6 8. d4 Nbd7 9. Nc3 Ne4 10. Nxe4 Bxe4 11.
Bh3 e6 12. Rc1 a5 13. Nd2 Bb7 14. e4 e5 15. d5 Nc5 16. Qc2 Bc8 17. Bxc8 Qxc8 18.
a3 Qh3 19. b4 Nd7 20. Bc3 axb4 21. axb4 f5 22. Rfe1 f4 23. Qd3 Ra3 24. Qf1 Qh6 25. Qe2 Qh3 26. Qf1 Qh6 27. Re2 Kh8 28. Rc2 Rfa8 29. Nb1 R3a4 30. h4 g5 31. Qh3 Nf6 32.
Qf5 gxh4 33. gxf4 Qxf4 34. Qxf4 exf4 35. f3 Nd7 36. Bxg7+ Kxg7 37. Nc3 Ra1+ 38. Kg2 Ne5 39. Nb5 Kf6 40. Nd4 Rg8+ 41. Kh2 Rgg1 42. Kh3 Rg3+ 43.
Kh2 Rgg1 44. Kh3 Rg3+ 45. Kh2 Nxf3+ 46. Nxf3 Rxf3 47. e5+ dxe5 48. c5 bxc5 49. bxc5 Rd1 50. d6 cxd6 51. c6 Rff1 52. Kh3 Rh1+ 53. Rh2 Rhg1 54.
c7 Rd3+ 55. Kxh4 Kf5 56. c8=Q+ 1-0

[Event "*** Titled Tuesday Blitz"]
[Site "Chess.com"]
[Date "2019.06.04"]
[Round "6"]
[White "MarianPetrov"]
[Black "LiamVrolijk"]
[Result "0-1"]
[WhiteElo "2616"]
[BlackElo "2746"]
[TimeControl "180+2"]
[EndTime "14:20:29 PDT"]
[Termination "LiamVrolijk won on time"]

1. e4 e5 2. Nc3 Nf6 3. g3 d5 4. exd5 Nxd5 5. Bg2 Nxc3 6. bxc3 Bc5 7. Nf3 Nc6 8. O-O O-O 9. Re1 Bg4 10. h3 Bh5 11. g4 Bg6 12. Nxe5 Nxe5 13. Rxe5 Bd6 14. Re1 f5 15. d4 Qh4 16. Rf1 Rae8 17. Qf3 c6 18. Bd2 fxg4 19. Qxg4 Qxg4 20. hxg4 Re2 21. Be3 Rxc2 22. Rfc1 Rb2 23. a4 Bf4 24. Bxf4 Rxf4 25. f3 h5 26. gxh5 Bxh5 27. Rab1 Ra2 28. Rxb7 Rf6 29. Rcb1 Rg6 30. R1b2 Rxa4 31. Kf2 Rf6 32. R7b4 Ra3 33. R4b3 Ra5 34. Kg3 Bf7 35. Rb8+ Kh7 36. Kf2 Raf5 37. Re2 Bd5 38. Re3 g5 39. Kg3 Rf7 40.
Rbe8 Kg7 41. R8e5 a5 42. Rxf5 Rxf5 43. Bf1 Bf7 44. Bd3 Rf6 45. Re5 a4 46. Rxg5+ Kf8 47. Ra5 Bb3 48. f4 Re6 49. Kf3 Bd1+ 50. Kf2 Rh6 51. f5 Rh3 52. Be2 Rh2+ 53. Kg3 Rxe2 54. Kf4 Bc2 55. Kg5 Ke7 56. Ra7+ Kd6 57. f6 Rg2+ 58. Kf4 Rf2+ 59. Kg5 Rf5+ 0-1

[Event "*** Titled Tuesday Blitz"]
[Site "Chess.com"]
[Date "2019.06.04"]
[Round "6"]
[White "GremioPrudente"]
[Black "chorejason"]
[Result "1-0"]
[WhiteElo "2140"]
[BlackElo "2240"]
[TimeControl "180+2"]
[EndTime "14:20:32 PDT"]
[Termination "GremioPrudente won by resignation"]

1. Nf3 Nf6 2. c4 g6 3. Nc3 Bg7 4. d4 O-O 5. g3 d6 6. Bg2 c5 7. O-O Nc6 8. b3 cxd4 9. Nxd4 Nxd4 10. Qxd4 Be6 11. Bb2 Rc8 12. Qxa7 Qd7 13. Qxb7 Rc7 14. Qb5 Qc8 15. Rfd1 Bh3 16. Nd5 Bxg2 17. Nxc7 Qh3 18. Bxf6 Bxf6 19. Nd5 Bxa1 20. Nxe7+ Kg7 21. Rxa1 Ba8 22.
f3 Qe6 23. Nd5 Qxe2 24. Qb4 Bxd5 25. Qc3+ f6 26. cxd5 Re8 27. a4 Re3 28. Qc7+ Kh6 29. Qxd6 Rxf3 30. Qf8+ Kh5 31. Qb4 g5 32. Qe1 Qd3 33.
Rd1 Qxb3 34. a5 Re3 35. Qf1 Qc2 36. d6 Qc5 37. Qf2 Qe5 38. d7 Re2 39. d8=Q Rxf2 40. Kxf2 Qf5+ 41. Kg1 Qe4 42. Qd3 Qe5 43. Qf3+ Kg6 44.
Qd3+ Kh5 45. a6 Qa5 46. Qe2+ Kg6 47. Kg2 Qc7 48. h3 Qc6+ 49. Kh2 Qb6 50. Qd3+ Kh6 51.
Rd2 g4 52. hxg4 Qb4 53. Rf2 Qe7 54. Qd2+ Kg7 55. Qf4 Qf7 56. Qxf6+ Qxf6 57. Rxf6 Kxf6 58.
a7 1-0

[Event "*** Titled Tuesday Blitz"]
[Site "Chess.com"]
[Date "2019.06.04"]
[Round "6"]
[White "MatthewG-p4p"]
[Black "vovachesss"]
[Result "1-0"]
[WhiteElo "2789"]
[BlackElo "2616"]
[TimeControl "180+2"]
[EndTime "14:20:34 PDT"]
[Termination "MatthewG-p4p won by checkmate"]

1. Nf3 d5 2. b3 c5 3. Bb2 Nc6 4. e3 Bg4 5. d4 a6 6. Be2 e6 7. O-O Nf6 8. Nbd2 Bd6 9. Ne5 Bxe2 10.
Qxe2 O-O 11. Nxc6 bxc6 12. dxc5 Bxc5 13. c4 Qe7 14. Rfd1 Rfb8 15. Nf3 a5 16. Ne5 Rb6 17.
Qc2 a4 18. Nd3 Ba3 19. Bd4 Rba6 20. c5 Nd7 21. b4 e5 22. Bc3 Rb8 23. Rab1 Rb5 24.
Ba1 e4 25. Qc3 f6 26. Nf4 Bxb4 27. Rxb4 Rxc5 28. Qd2 a3 29. Bd4 Rca5 30. Rb7 Qd6 31. Bc3 Ra4 32. Bb4 c5 33. Qxd5+ Qxd5 34. Rxd5 Rxb4 35.
Rbxd7 Rb1+ 36. Rd1 Rab6 37. g4 Rxd1+ 38. Rxd1 Rb2 39. Rd7 Rxa2 40. Ra7 Ra1+ 41. Kg2 h6 42. Ne6 c4 43. Rxg7+ Kh8 44. Ra7 c3 45. Nd4 Ra2 46.
Rc7 c2 47. Rxc2 Ra1 48. Rc7 a2 49. Ra7 f5 50. gxf5 h5 51. f6 Kg8 52. Nf5 h4 53. Nd4 h3+ 54. Kxh3 Rg1 55. f7+ Kh7 56. f8=Q+ Kg6 57.
Qf5+ Kh6 58. Rh7# 1-0

[Event "*** Titled Tuesday Blitz"]
[Site "Chess.com"]
[Date "2019.06.04"]
[Round "6"]
[White "Hikaru"]
[Black "Angry_Twin"]
[Result "1-0"]
[WhiteElo "3202"]
[BlackElo "2804"]
[TimeControl "180+2"]
[EndTime "14:20:35 PDT"]
[Termination "Hikaru won on time"]

1. Nf3 Nf6 2. b3 g6 3. Bb2 Bg7 4. d4 d5 5. e3 O-O 6. c4 c6 7. Bd3 Bg4 8. Nbd2 Nbd7 9. h3 Bxf3 10. Nxf3 a6 11. Qc2 b5 12. O-O Rb8 13. Rfc1 Qb6 14.
Rab1 Qb7 15. a4 Rfc8 16. axb5 axb5 17. cxb5 cxb5 18. Qe2 Rxc1+ 19. Rxc1 e6 20. Bc3 Bf8 21. Ba5 Bd6 22. b4 Ne4 23. Qc2 Bf8 24. Qb1 Bd6 25. Rc2 Ndf6 26. Ne5 Rc8 27. f3 Rxc2 28. Qxc2 Ng3 29.
Kf2 Nf5 30. Qc6 Qb8 31. f4 Bxe5 32. fxe5 Ne4+ 33. Ke2 Nfg3+ 34. Ke1 Qf8 35. Bxb5 Qh6 36. Qc1 Qh4 37. Kd1 Qh5+ 38. Kc2 Qf5 39. Kb3 Qf2 40. Bd3 Nd2+ 41. Ka4 Qxe3 42. Qc2 Nge4 43. Bb6 Qe1 44.
Kb5 Qa1 45. Bxe4 Nxe4 46. Kc6 Qa8+ 47. Kc7 Qa6 48. Qc6 Kg7 49. b5 Qa4 50. Bc5 Nc3 51. b6 Nb5+ 52. Kd8 Qa5 53. Ke8 Qa6 54. Bf8+ Kg8 55.
Bh6 Nxd4 56. Qc7 Qb5+ 57. Ke7 Nc6+ 58. Kd6 1-0

[Event "*** Titled Tuesday Blitz"]
[Site "Chess.com"]
[Date "2019.06.04"]
[Round "6"]
[White "Zarikovs1999"]
[Black "Tjktiger"]
[Result "1-0"]
[WhiteElo "2649"]
[BlackElo "2705"]
[TimeControl "180+2"]
[EndTime "14:20:35 PDT"]
[Termination "Zarikovs1999 won by resignation"]

1. Nf3 c5 2. e4 d6 3. d4 cxd4 4. Nxd4 Nf6 5. Nc3 a6 6. Be3 Ng4 7. Bc1 Nf6 8. Be3 Ng4 9. Bc1 Nc6 10. Nxc6 bxc6 11. Be2 Nf6 12. O-O g6 13. Be3 Bg7 14.
h3 O-O 15. Qd2 Rb8 16. b3 Qa5 17. Rad1 Re8 18. f4 Nh5 19. Nb1 Qxd2 20. Rxd2 Ng3 21.
Rfd1 Nxe4 22. Rd3 c5 23. Bf3 Bb7 24. g4 f5 25. Kg2 a5 26. a4 c4 27. bxc4 Bc6 28.
gxf5 gxf5 29. Rg1 Kh8 30. Nd2 Rb2 31. Rc1 Rg8 32. Kh1 Bf6 33. Ra3 Rb4 34. Re1 Bb2 35. c3 Bxa3 36. cxb4 Bxb4 37. Bd4+ e5 38. fxe5 Bc5 39.
Bxc5 dxc5 40. Nxe4 fxe4 41. Bxe4 Bxa4 42. Ra1 Bb3 43. Bd5 Re8 44. Rxa5 Rxe5 45. Rxc5 Kg7 46. Kg2 Kf6 47. Rc6+ Kg5 48. Kf2 Bd1 49. Bf3 Rf5 50.
h4+ Kxh4 51. Rh6+ Kg5 52. Rh5+ Kf4 53. Rxf5+ Kxf5 54. Bxd1 Ke5 55. Ke3 1-0

[Event "*** Titled Tuesday Blitz"]
[Site "Chess.com"]
[Date "2019.06.04"]
[Round "6"]
[White "adriangschnitzer"]
[Black "LuckIsMySkill"]
[Result "0-1"]
[WhiteElo "2456"]
[BlackElo "2669"]
[TimeControl "180+2"]
[EndTime "14:20:35 PDT"]
[Termination "LuckIsMySkill won by checkmate"]

1. c4 g6 2. Nc3 Bg7 3. d4 d6 4. e4 e5 5. Nf3 Nc6 6. Be3 Bg4 7. d5 Nd4 8. Bd3 Bh6 9. h3 Bxf3 10. gxf3 Qh4 11.
Bxh6 Qxh6 12. Nb5 Nxb5 13. cxb5 Nf6 14. Rc1 Rc8 15. Qd2 Qxd2+ 16. Kxd2 Kd7 17. h4 Rce8 18. Rc3 Re7 19. Ra3 Ra8 20. Rc1 Nh5 21. Rc4 Kc8 22.
Bf1 Nf4 23. Ke3 Kb8 24. Rac3 a5 25. a4 b6 26. Bd3 f6 27. Rc1 Kb7 28. Rg1 Rg7 29.
Bf1 h5 30. Rg3 Rag8 31. Bh3 g5 32. Be6 gxh4 33. Rxg7 Rxg7 34. Rc1 Rg6 35. Rh1 Rg5 36. Bd7 Rg7 37. Bc6+ Kc8 38. Kd2 h3 39. Ke3 Kd8 40. Rh2 Ke7 41. Rh1 f5 42. exf5 Kf6 43. Ke4 Rg2 44.
Ke3 h4 45. Be8 h2 46. Bd7 h3 47. Be6 Kg5 48. Bd7 Nxd5+ 49. Kd3 Rxf2 50. f6 Kxf6 51. Bxh3 Rxb2 52. Ke4 Nf4 53. Bg4 d5+ 54. Ke3 Re2# 0-1

[Event "*** Titled Tuesday Blitz"]
[Site "Chess.com"]
[Date "2019.06.04"]
[Round "6"]
[White "NoGalloNoParty"]
[Black "RaphCamora"]
[Result "1-0"]
[WhiteElo "2366"]
[BlackElo "2429"]
[TimeControl "180+2"]
[EndTime "14:20:39 PDT"]
[Termination "NoGalloNoParty won by resignation"]

1. d4 Nf6 2. Nf3 d5 3. c4 e6 4. g3 Bb4+ 5. Bd2 Be7 6. Bg2 O-O 7. O-O Nbd7 8. Nc3 dxc4 9. Ne5 Nxe5 10. dxe5 Nd5 11.
Qa4 Nb6 12. Qc2 c6 13. Rad1 Qc7 14. Bf4 Nd5 15. Ne4 b5 16. b3 cxb3 17. axb3 h6 18.
Nd6 Bxd6 19. exd6 Qd7 20. e4 Nxf4 21. gxf4 Bb7 22. e5 a5 23. Qc5 a4 24. b4 a3 25. Rd2 Ra4 26. Ra1 Rfa8 27. Rda2 f6 28. Qc3 fxe5 29. fxe5 c5 30. Bxb7 Qxb7 31. Qxc5 Qe4 32. d7 Qg4+ 33. Kf1 Qh3+ 34. Ke1 Qf5 35. Rd2 a2 36. d8=Q+ Rxd8 37. Rxd8+ Kh7 38. Rd2 Qb1+ 39. Rd1 Qe4+ 40. Qe3 Qxb4+ 41. Kf1 Qc4+ 42. Qd3+ Qxd3+ 43. Rxd3 b4 44. Rb3 Kg6 45. Rb2 Ra5 46. Rxb4 Rxe5 47.
Rxa2 Rh5 48. Kg2 Rg5+ 49. Kh3 Rf5 50. Kg3 h5 51. h4 Rd5 52. Ra3 Rc5 53. Re3 Kf5 54.
Rf4+ Kg6 55. Rxe6+ Kh7 56. f3 Rc1 57. Rf5 Rg1+ 58.
Kf4 Rh1 59. Rxh5+ Kg8 60. Re7 Kf8 61. Ra7 1-0

[Event "*** Titled Tuesday Blitz"]
[Site "Chess.com"]
[Date "2019.06.04"]
[Round "6"]
[White "FairChess_on_YouTube"]
[Black "Semen_Khanin"]
[Result "0-1"]
[WhiteElo "3033"]
[BlackElo "2717"]
[TimeControl "180+2"]
[EndTime "14:20:40 PDT"]
[Termination "Semen_Khanin won by resignation"]

1. e4 e5 2. f3 Nf6 3. d4 d5 4. dxe5 Nxe4 5. Ne2 Nc5 6. Nbc3 Nc6 7. Be3 Nxe5 8. Qxd5 Qxd5 9. Nxd5 Ne6 10. Nd4 Nxd4 11.
Bxd4 Bd6 12. f4 Ng4 13. Bxg7 Rg8 14. Nf6+ Nxf6 15. Bxf6 Bxf4 16. g3 Bd6 17. Bg2 Rg6 18. O-O c6 19. Be4 Rh6 20. Bg5 Rh5 21. h4 Bxg3 22. Bf3 Rxh4 23. Kg2 Rh3 24. Rh1 Rxh1 25. Rxh1 Be5 26. Rxh7 Bf5 27. Rh1 Kd7 28. Kf2 Bxc2 29. Bg4+ Kc7 30. Re1 f6 31. Bc1 Rg8 32. Be6 Bg3+ 33.
Kf3 Bxe1 34. Bxg8 Bh4 35. b3 f5 36. Bb2 Be4+ 37. Kf4 Be7 38. Be6 Bd6+ 39. Ke3 Bb1 40. a4 f4+ 41. Kf3 Bc2 42. Bd4 c5 43. Bc3 Bd1+ 44.
Kf2 Kc6 45. Bh3 f3 46. Bf5 Kd5 47. Bc8 Kc6 48. Bf5 Bxb3 49. Be4+ Bd5 50. Bc2 a6 51. a5 Bc7 52. Ba4+ Kd6 53. Ke3 Bc6 54. Bb3 Bd8 55. Be1 Bg5+ 56. Kd3 Bf6 57. Bd1 Bd4 58. Bg3+ Ke6 59. Bb3+ Kf5 60. Bd6 f2 0-1

[Event "*** Titled Tuesday Blitz"]
[Site "Chess.com"]
[Date "2019.06.04"]
[Round "6"]
[White "Rumpel-VK"]
[Black "SergeiAza"]
[Result "1/2-1/2"]
[WhiteElo "2569"]
[BlackElo "2771"]
[TimeControl "180+2"]
[EndTime "14:20:44 PDT"]
[Termination "Game drawn by repetition"]

1. d4 Nf6 2. Nf3 e6 3. c4 d5 4.
Qc2 Be7 5. Bg5 h6 6. Bf4 O-O 7.
Nc3 c5 8. cxd5 cxd4 9. Nxd4 Nxd5 10. Nxd5 Qxd5 11. Nf3 Nc6 12. a3 e5 13. e4 Qa5+ 14.
Bd2 Qb6 15. Be3 Nd4 16. Bxd4 exd4 17. Bd3 Bg4 18. Nd2 Rac8 19. Nc4 Qg6 20. Qb3 Be6 21. O-O Bh3 22. g3 Bxf1 23. Rxf1 b6 24. a4 Qc6 25. e5 Qc5 26. Qd1 Rfe8 27. Qe2 Bf8 28. h4 Qd5 29. b3 Qe6 30. Qe4 g6 31. h5 f5 32. Qf3 Bg7 33.
hxg6 Rf8 34. Nd6 Rc3 35. Bxf5 Qxd6 36. Qxc3 Qd5 37. Qd3 Qxe5 38. Be4 Kh8 39. Bg2 Qc5 40. Re1 Qc3 41. Rd1 Qxd3 42. Rxd3 Rc8 43. Bd5 Bf6 44. Bc4 Kg7 45. Bf7 Rc3 46. Rd2 Be5 47. Kf1 h5 48.
Ke2 Bf6 49. Rd3 Rc2+ 50. Kf3 a5 51. Kg2 Be5 52. Kg1 Bf6 53. Kg2 Rc3 54. Rd2 Rc1 55. Kf3 Rc3+ 56. Ke4 Rc1 57. Rd3 Rc5 58. f4 Rc1 59. Kf3 Rc3 60. Ke4 Rc1 61. Kf3 Rc3 62. Ke4 Rc1 1/2-1/2